 Dungeon Crawl Stone Soup version 0.30-a0-279-g4b46babb21 (webtiles) character file.

Game seed: 6036005919017894543

329 AarnesTheHuman the Shield-Bearer (level 6, -11/47 HPs)
             Began as a Formicid Fighter on Oct 16, 2022.
             Killed by divine providence
             ... invoked by an orc priest
              (12 damage)
             ... on level 4 of the Dungeon.
             The game lasted 00:04:02 (3564 turns).

AarnesTheHuman the Shield-Bearer (Formicid Fighter) Turns: 3564, Time: 00:04:03

Health: -11/47     AC: 12    Str: 22    XL:     6   Next: 80%
Magic:  6/6        EV:  6    Int:  8    God:
Gold:   192        SH:  5    Dex: 13    Spells: 5/5 levels left

rFire   . . .      SeeInvis +    a - +0 quarterstaff
rCold   . . .      Faith    .    c - +0 buckler
rNeg    . . .      Spirit   .    g - +0 plate armour
rPois   .          Reflect  .    (helmet unavailable)
rElec   .          Harm     .    (no cloak)
rCorr   .          Rampage  .    o - +0 pair of gloves
Will    .....                    (no boots)
Stlth   ..........               (no amulet)
HPRegen 0.27/turn                i - ring of flight
MPRegen 0.10/turn                (no ring)

@: flying
A: permanent stasis, dig shafts and tunnels, antennae 3, four strong arms
a: Dig, Shaft Self


You were on level 4 of the Dungeon.
You visited 1 branch of the dungeon, and saw 4 of its levels.

You collected 192 gold pieces.

Inventory:

Hand Weapons
 a - a +0 quarterstaff (weapon)
 u - a +0 falchion of freezing
Missiles
 e - 6 boomerangs
 m - 31 stones
Armour
 b - a +0 scale mail
 c - a +0 buckler (worn)
 g - a +0 plate armour (worn)
 o - a +0 pair of gloves (worn)
Jewellery
 i - a ring of flight (left hand)
Wands
 t - a wand of flame (18)
Scrolls
 f - a scroll of identify
 n - a scroll of fear {unknown}
Potions
 d - 3 potions of might
 h - 3 potions of haste
 j - a potion of attraction {unknown}
 k - 4 potions of curing
 l - 4 potions of magic
 q - a potion of resistance {unknown}
 s - a potion of flight {unknown}
 x - a potion of heal wounds


   Skills:
 - Level 3.2 Fighting
 + Level 5.0 Staves
 - Level 3.2 Armour
 - Level 7.0 Shields


You had 5 spell levels left.
You didn't know any spells.
Your spell library contained the following spells:

 Spells                   Type           Power      Damage    Failure   Level
 Necrotise                Necr           0%         1d4       100%        1
 Vampiric Draining        Necr           0%         2d6       100%        3
 Agony                    Necr           0%         N/A       100%        5


Dungeon Overview and Level Annotations

Branches:
Dungeon (4/15)
 Temple: D:4-7

Altars:
Kikubaaqudgha
Sif Muna

Annotations:
D:2 1 runed translucent door, Crazy Yiuf


Innate Abilities, Weirdness & Mutations

You cannot be hasted, slowed, berserked, paralysed or teleported.
You can dig through walls and to a lower floor.
You have a pair of large antennae on your head. (SInv)
Your four strong arms can wield two-handed weapons with a shield.


Message History

An orc priest is nearby!
An orc comes into view. It is wielding a +0 war axe.
The orc shouts!
An orc wizard comes into view.
It is wielding a +2 dagger of distortion.
The orc wizard shouts!
You completely miss the orc priest.
The orc priest begins to cast a cantrip, but forgets the words!
You hit the orc priest.
The orc priest is lightly wounded.
The orc priest miscasts a cantrip.
You hit the orc priest.
The orc priest is lightly wounded.
The orc priest closely misses you.
You closely miss the orc priest.
The orc priest is lightly wounded.
You block the orc priest's attack.
You barely miss the orc priest.
The orc priest is lightly wounded.
You closely miss the orc wizard.
The orc wizard hits you but does no damage.
Space warps around you.
You hit the orc wizard.
The orc wizard is lightly wounded.
The orc wizard hits you but does no damage.
Space warps horribly around you!!
You hit the orc wizard but do no damage.
The orc wizard is lightly wounded.
The orc wizard hits you but does no damage.
You closely miss the orc wizard.
The orc wizard is lightly wounded.
The orc wizard hits you with a +2 dagger of distortion.
Space warps around you.
You hit the orc wizard.
The orc wizard is moderately wounded.
The orc wizard hits you but does no damage.
Space warps horribly around you!!
* * * LOW HITPOINT WARNING * * *
The orc priest invokes the aid of Beogh against you.
Beogh smites you!
You die...

#.# *,* ####. #.# *,* ##
#.# *,* * #.# *,** #.#
*,,* #.# **,* #.# **,*#
#.#######...#*********
#.#..@ooo.)..,,,,,,,,,
#.#.#####...#,,,,,,,,,
########.#.#
**,*#,********
#........#.# *,,,,* *,
#.########.##############
** #.# #..............# *
#.# ##############)# *
#.# #.# * #<# #.# *


You could see an orc priest, an orc wizard and an orc.

Vanquished Creatures
  A scorpion (D:3)
  Jessica (D:3)
  2 orc wizards (D:3)
  Terence (D:3)
  5 adders
  An ufetubus (D:4)
  4 worms
  2 dart slugs
  6 orcs (D:3)
  5 endoplasms
  7 giant cockroaches
  8 goblins
  7 hobgoblins
  3 jackals (D:3)
  5 quokkas
  8 ball pythons
  7 bats
  4 frilled lizards
  10 kobolds
  8 rats
95 creatures vanquished.

Notes
Turn   | Place    | Note
-------+----------+-------------------------------------------
     0 | D:1      | AarnesTheHuman the Formicid Fighter began the quest for the
                  | Orb.
     0 | D:1      | Reached XP level 1. HP: 18/18 MP: 1/1
    31 | D:1      | Reached XP level 2. HP: 10/24 MP: 2/2
   252 | D:1      | Reached XP level 3. HP: 19/29 MP: 3/3
   614 | D:1      | Reached skill level 5 in Shields
   779 | D:2      | Reached XP level 4. HP: 35/35 MP: 4/4
  1150 | D:2      | Found a runed translucent door.
  1151 | D:2      | Noticed Crazy Yiuf
  1651 | D:3      | Noticed Jessica
  1657 | D:3      | Reached XP level 5. HP: 41/41 MP: 5/5
  1664 | D:3      | Killed Jessica
  1665 | D:3      | Reached skill level 6 in Shields
  1676 | D:3      | Reached XP level 6. HP: 26/47 MP: 6/6
  2031 | D:3      | Found a shimmering blue altar of Sif Muna.
  2086 | D:3      | Noticed Terence
  2107 | D:3      | Killed Terence
  2364 | D:3      | Reached skill level 7 in Shields
  3267 | D:4      | Found an ancient bone altar of Kikubaaqudgha.
  3409 | D:4      | Reached skill level 5 in Staves
  3564 | D:4      | HP: 1/47 [orc wizard/+2 dagger of distortion (19)]
  3564 | D:4      | Killed from afar by an orc priest

Illustrated notes

Levels and vault maps discovered:
D:1:      spicycebolla_arrival_ecumenical, layout_basic, minmay_split_cup_large
D:2:      layout_basic, uniq_crazy_yiuf_cottage
D:3:      layout_basic, lemuel_round_altar, uniq_terence, uniq_jessica
D:4:      layout_loops_ring, mainiacjoe_overflow_concentric_impassable

Skill      XL: |  1  2  3  4  5  6 |
---------------+-------------------+-----
Shields        | 5 6 7 |  7.0
Staves         | 3 4 5 |  5.0
Fighting       | |  3.2
Armour         | |  3.2

Action                   |  1- 3 |  4- 6 || total
-------------------------+-------+-------++-------
Melee: Quarterstaff      |   111 |   172 ||   283
  Use: Scroll            |       |    10 ||    10
Armor: Scale mail        |    28 |       ||    28
       Plate armour      |    38 |    77 ||   115
Dodge: Dodged            |    46 |    41 ||    87
Block: Buckler           |    27 |    34 ||    61

Table legend: (Time is in decaauts)
 A = Elapsed time spent in this place.
 B = Non-inter-level travel time spent in this place.
 C = Inter-level travel time spent in this place.
 D = Time resting spent in this place.
 E = Time spent auto-exploring this place.
 F = Levels seen in this place.
 G = Mean time per level.
                   A        B        C        D        E       F      G
               +--------+--------+--------+--------+--------+-----+--------+
         Total |   3606 |   3525 |     81 |    363 |   2493 |   4 |  901.5 |
       Dungeon |   3606 |   3525 |     81 |    363 |   2493 |   4 |  901.5 |
               +--------+--------+--------+--------+--------+-----+--------+

Top non-repeatable levels by time:
     D:3: 1254 daAuts
     D:2: 967 daAuts
     D:1: 706 daAuts
     D:4: 678 daAuts
